 Seeded DCSS version 0.25-a0-577-ga4619f4 (webtiles) character file.

Game seed: 1238329274241733368, levelgen mode: deterministic

186 araganzar the Skirmisher (level 5, -5/46 HPs)
             Began as a Demigod Air Elementalist on Mar 2, 2020.
             Killed by divine providence
             ... invoked by an orc priest
              (10 damage)
             ... on level 4 of the Dungeon.
             The game lasted 00:11:23 (4460 turns).

araganzar the Skirmisher (Demigod Air Elementalist) Turns: 4460, Time: 00:11:23

Health: -5/46      AC:  4    Str: 11 (13) XL:     5   Next: 15%
Magic:  19/19      EV: 12    Int: 18 (19) God:
Gold:   222        SH:  0    Dex: 15 (16) Spells: 4/7 levels left

rFire    . . .     SeeInvis .   t - +1 spear
rCold    . . .     Gourm    .   (no shield)
rNeg     . . .     Faith    .   g - +0 leather armour
rPois    .         Spirit   .   w - +0 helmet
rElec    .         Reflect  .   (no cloak)
rCorr    .         Harm     .   (no gloves)
MR       .....                  (no boots)
Stlth    +++.......             (no amulet)
HPRegen  0.15/turn              o - ring of stealth {Stlth+}
MPRegen  0.16/turn              y - ring of magical power {MP+9}

@: no status effects
A: high mp 1
a: no special abilities


You were on level 4 of the Dungeon.
You were very hungry.

You visited 1 branch of the dungeon, and saw 4 of its levels.

You collected 222 gold pieces.


Innate Abilities, Weirdness & Mutations

You have an increased reservoir of magic. (+10% MP)


   Skills:
 - Level 3.8 Fighting
 + Level 1.2 Maces & Flails
 + Level 2.0 Polearms
 - Level 1.7 Dodging
 - Level 1.7 Stealth
 - Level 1.7 Spellcasting
 - Level 0.8 Conjurations
 - Level 2.6 Air Magic


You had 4 spell levels left.
You knew the following spells:

 Your Spells              Type           Power        Failure   Level  Hunger
a - Shock                 Conj/Air       #...         12%         1    #......
s - Swiftness             Chrm/Air       #.......     22%         2    ###....

Your spell library contained the following spells:

 Spells                   Type           Power        Failure   Level  Hunger
 Static Discharge         Conj/Air       #.......     34%         3    ###....
 Airstrike                Air            ##........   63%         4    #####..
 Lightning Bolt           Conj/Air       #.........   97%         5    ######.

Inventory:

Hand Weapons
 h - a +0 short sword
   (You took it off a kobold on level 1 of the Dungeon)
 n - a cursed -1 club
   (You found it on level 1 of the Dungeon)
 t - a +1 spear (weapon)
   (You found it on level 1 of the Dungeon)
 B - a +0 morningstar
   (You found it on level 3 of the Dungeon)
Missiles
 b - 48 bolts
 j - 90 stones
 v - 3 javelins (quivered)
 x - 34 sling bullets
Armour
 a - a +0 robe
 f - a +0 chain mail
   (You found it on level 1 of the Dungeon)
 g - a +0 leather armour (worn)
   (You found it on level 1 of the Dungeon)
 w - a +0 helmet (worn)
   (You took it off Robin on level 2 of the Dungeon)
Jewellery
 o - a ring of stealth (left hand) {Stlth+}
   (You found it on level 1 of the Dungeon)
 y - a ring of magical power (right hand) {MP+9}
   (You found it on level 2 of the Dungeon)
Scrolls
 e - a scroll of random uselessness {unknown}
 i - a scroll of enchant weapon
 k - a scroll of fear {unknown}
 l - a scroll of magic mapping {!r}
 m - a scroll of blinking {unknown}
 q - 2 scrolls of remove curse
Potions
 r - 2 potions of brilliance
Comestibles
 c - 5 rations

##.....## #####
#### ##...##
###.... ##..##
##...## ###......
#....###.o...##
##........
#.....##.##...#
###.........
#.....#..###..##
##..........#
#........# ##..##
#...........#
#....o..## ##o.##
#...........#
##...§..#
##@.###...........#
##..§.##
##..##..........##
#.§#§#
##..#..........#
###§§#
##<...........#
##§§§##
##..........##
#.§§§# ##.........#
##§(## #.........#
#..** ##.......## #
#.o,* #....#### ##


You could see an orc priest and an orc.


Message History

You are too injured to fight recklessly!
You are too injured to fight recklessly!
You are too injured to fight recklessly!
You take 17 damage, and have 26/46 hp.
MASSIVE DAMAGE!!
Unknown command.
The orc priest calls down the wrath of Beogh upon you.
Beogh smites you! The orc closely misses you.
You take 12 damage, and have 14/46 hp.
MASSIVE DAMAGE!!
Unknown command.
Unknown command.
As you read the scroll of fog, it crumbles to dust.
The scroll dissolves into smoke.
The orc priest mumbles some strange prayers to Beogh against you.
You struggle to resist.
The orc hits you.
* * * LOW HITPOINT WARNING * * *
You take 1 damage, and have 13/46 hp.
Unknown command.
Unknown command.
The orc priest shouts!
The orc priest calls down the wrath of Beogh upon you.
Beogh smites you!
* * * LOW HITPOINT WARNING * * *
You take 11 damage, and have 4/46 hp.
MASSIVE DAMAGE!!
Unknown command.
The orc priest calls down the wrath of Beogh upon you.
Beogh smites you!
You die...

Action                   |  1- 3 |  4- 6 || total
-------------------------+-------+-------++-------
Melee: Short sword       |    16 |       ||    16
       Spear             |    79 |   118 ||   197
 Cast: Shock             |    43 |     9 ||    52
  Use: Scroll            |       |     7 ||     7
       Potion            |       |     3 ||     3
 Stab: Sleeping          |     6 |     8 ||    14
  Eat: Chunk             |     5 |     6 ||    11
Armor: Leather armour    |    25 |    24 ||    49
Dodge: Dodged            |    61 |    55 ||   116

Levels and vault maps discovered:
D:1:      elethiomel_arrival_shortcut, layout_basic
D:2:      layout_basic, nicolae_ru_sacrificial_ziggurat, first_ration,
          uniq_robin, uniq_crazy_yiuf_cottage
D:3:      layout_loops_ring, minmay_goblin_outpost, uniq_sigmund, uniq_terence
D:4:      layout_cave_pods, nicolae_overflow_crystal_walls,
          minmay_gold_behind_fungi, trog_wizard, uniq_grinder

Notes
Turn   | Place    | Note
-------+----------+-------------------------------------------
     0 | D:1      | araganzar the Demigod Air Elementalist began the quest for
                  | the Orb.
     0 | D:1      | Reached XP level 1. HP: 14/14 MP: 5/5
    72 | D:1      | Reached skill level 1 in Fighting
   358 | D:1      | Reached XP level 2. HP: 19/23 MP: 7/7
   974 | D:2      | Noticed Robin
   987 | D:2      | Reached skill level 2 in Fighting
  1293 | D:2      | Reached XP level 3. HP: 30/30 MP: 6/8
  1358 | D:2      | Killed Robin
  1358 | D:2      | Reached skill level 3 in Fighting
  1423 | D:2      | Learned a level 2 spell: Swiftness
  1720 | D:2      | Found a sacrificial altar of Ru.
  2299 | D:2      | Reached XP level 4. HP: 6/38 MP: 9/9
  2452 | D:2      | Reached skill level 1 in Polearms
  2810 | D:2      | Found a runed translucent door.
  2811 | D:2      | Noticed Crazy Yiuf
  3012 | D:3      | Noticed Sigmund
  3231 | D:3      | Noticed Terence
  3863 | D:4      | Reached skill level 1 in Maces & Flails
  3863 | D:4      | Reached XP level 5. HP: 15/46 MP: 10/10
  4075 | D:4      | Found a blossoming altar of Fedhas.
  4117 | D:4      | Noticed Grinder
  4240 | D:4      | Reached skill level 2 in Polearms
  4453 | D:4      | HP: 4/46 [orc priest/divine providence (11)]
  4460 | D:4      | Killed from afar by an orc priest

Vanquished Creatures
  An orc priest (D:4)
  Robin (D:2)
  6 adders
  An ooze (D:1)
  A worm (D:2)
  A dart slug (D:4)
  A leopard gecko (D:2)
  3 orcs
  2 ball pythons
  5 bats
  2 giant cockroaches (D:3)
  21 goblins
  8 hobgoblins
  3 jackals (D:2)
  8 kobolds
  2 quokkas
  4 frilled lizards
  3 rats
73 creatures vanquished.

Vanquished Creatures (others)
  4 toadstools (D:4)
4 creatures vanquished.

Grand Total: 77 creatures vanquished
